 Dungeon Crawl Stone Soup version 0.21.0 (webtiles) character file.

1074 tidbits the Covert (level 8, 31/31 HPs)
             Began as a Felid Earth Elementalist on Jan 6, 2018.
             Was a Follower of Uskayaw.
             Quit the game on level 12 of the Dungeon.
             The game lasted 00:32:52 (3317 turns).

tidbits the Covert (Felid Earth Elementalist)       Turns: 3317, Time: 00:32:53

Health: 31/31      AC:  2    Str:  7    XL:     8   Next: 7%
Magic:  12/12      EV: 18    Int: 19    God:    Uskayaw [*.....]
Gold:   409        SH:  0    Dex: 17    Spells: 4/11 levels left
                                        Lives:  0   Deaths: 2

rFire    . . .     SeeInvis +     - Unarmed
rCold    . . .     Gourm    .   (shield unavailable)
rNeg     . . .     Faith    .   (armour unavailable)
rPois    .         Spirit   .   (helmet unavailable)
rElec    .         Reflect  .   (cloak unavailable)
rCorr    +         Harm     .   (gloves unavailable)
MR       +....                  (boots unavailable)
Stlth    +++++.....             (no amulet)
HPRegen  0.10/turn              k - +3 ring of intelligence
MPRegen  0.13/turn              v - ring of resist corrosion

@: quick
A: very small, no armour, no weapons or thrown items, stealth, claws 1, fangs 3,
see invisible, carnivore, speed 1, shaggy fur 2, slow metabolism 1, sharp paws
a: Stomp, Renounce Religion


You were on level 12 of the Dungeon.
You worshipped Uskayaw.
Uskayaw was noncommittal.
You were not hungry.

You visited 1 branch of the dungeon, and saw 13 of its levels.

You collected 409 gold pieces.

Inventory:

Jewellery
 k - a +3 ring of intelligence (left paw)
   (You found it on level 2 of the Dungeon)
 v - a ring of resist corrosion (right paw)
   (You found it on level 5 of the Dungeon)
Scrolls
 a - a scroll of fog
 b - a scroll of identify
 g - 2 scrolls of immolation
 h - a scroll of teleportation
 p - a scroll of remove curse
 s - a scroll of fear
 u - a scroll of noise
 x - 4 scrolls of amnesia
Potions
 i - a potion of curing
 l - a potion of degeneration
 m - a potion of ambrosia
 r - a potion of brilliance
Books
 d - a book of Geomancy

   Spells                             Type                      Level
   a - Sandblast                      Earth                        1
   b - Passwall                       Transmutation/Earth          2
   c - Stone Arrow                    Conjuration/Earth            3
   d - Petrify                        Transmutation/Earth          4
   e - Lee's Rapid Deconstruction     Earth                        5
Comestibles
 c - 13 rations


   Skills:
 - Level 2.6 Dodging
 - Level 11.2 Stealth
 - Level 7.7 Unarmed Combat
 - Level 2.0 Spellcasting
 + Level 6.2 Transmutations
 + Level 5.8 Earth Magic


You had 4 spell levels left.
You knew the following spells:

 Your Spells              Type           Power        Failure   Level  Hunger
a - Sandblast             Erth           ###...       1%          1    #......
e - Petrify               Tmut/Erth      ###.....     14%         4    #####..
p - Passwall              Tmut/Erth      ###.......   2%          2    ###....


Dungeon Overview and Level Annotations

Branches:
Dungeon (13/15)              Lair (0/6) D:10
 Temple: D:4-7          Orc: D:9-12      Vaults: D:13-14

Altars:
Ashenzari
Elyvilon
Fedhas
Gozag
Hepliaklqana
Kikubaaqudgha
Nemelex Xobeh
Okawaru
Qazlal
Ru
Sif Muna
Uskayaw
Wu Jian

Annotations:
D:10 Grum
D:13 Frances


Innate Abilities, Weirdness & Mutations

You cannot wear armour.
You are incapable of wielding weapons or throwing items.
Your paws allow you to move quietly. (Stealth)
You have sharp claws.
You have razor-sharp teeth.
You have supernaturally acute eyesight. (SInv)
You are carnivorous and can eat meat at any time.
You cover ground quickly.
You are covered in thick fur. (AC +2)
You have a slow metabolism.
Your sharp claws are effective at attacking unaware monsters.


Message History

You finish merging with the rock.
You close the door.
There is an open door here.
You open the door.
An eye of draining and a two-headed ogre come into view.
There is an open door here.
The helpless two-headed ogre fails to defend itself.
You eviscerate the two-headed ogre!!!
The two-headed ogre is almost dead.
The two-headed ogre closely misses you.
The two-headed ogre hits you with a giant club!
* * * LOW HITPOINT WARNING * * *
The eye of draining turns its gaze towards you.
You can now pass through a line of other dancers.
You feel much better. The eye of draining gazes at you.
You feel your power leaking away.
The two-headed ogre hits you with a giant club!
Ouch! That really hurt!
* * * LOW HITPOINT WARNING * * *
The two-headed ogre hits you with a giant club!!
Ouch! That really hurt!
You die...
You are now level 8!
You rejoin the land of the living...
You open the door.
A human comes into view.
You close the door.
You can no longer pass through a line of other dancers.
You found an alarm trap!
You open the door.
A worker ant comes into view.
There is an open door here.
The worker ant twitches its antennae in your direction.
The worker ant misses you.
You claw the worker ant!
The worker ant is heavily wounded.
The worker ant misses you.
You closely miss the worker ant.
You bite the worker ant, but do no damage.
The worker ant is heavily wounded.
The worker ant closely misses you.
You scratch the worker ant.
The worker ant is severely wounded.
The worker ant completely misses you. x2
You scratch the worker ant but do no damage.
Your bite misses the worker ant.
The worker ant is severely wounded.
The worker ant misses you.
You scratch the worker ant.
The worker ant is almost dead.
The worker ant completely misses you.
You scratch the worker ant.
You kill the worker ant!
A wyvern and a troll come into view.
The troll bites you! The troll claws you!
* * * LOW HITPOINT WARNING * * *
The troll barely misses you.
There is an open door here.
You see here a worker ant corpse.
You aren't carrying any items that you can evoke.
Unknown command.
You feel yourself speed up. The troll bites you!!
Ouch! That really hurt!
You die...
The troll misses you. The troll claws you!
You are now level 7!
You rejoin the land of the living...
Found 8 gold pieces, a ring mail and 12 arrows.
Found a stone staircase leading up.
A centaur warrior zombie comes into view.
You see here 8 gold pieces.
The helpless centaur warrior zombie fails to defend itself.
You eviscerate the centaur warrior zombie!!!!
You destroy the centaur warrior zombie!
Your Transmutations skill increases to level 6!
Welcome back to level 8!
You see here 8 gold pieces.
You now have 409 gold pieces (gained 8).
You hear a distant blaring wail to the west.
You open the door.
Found a ration.
There is an open door here.
A shadow imp comes into view.
You see here a ration.
c - 13 rations (gained 1)
The shadow imp shouts!
You barely miss the shadow imp. The shadow imp completely misses you.
You claw the shadow imp!
You kill the shadow imp!
You open the door.
There is an open door here.
You open the door.
An adder, 4 yaks, an eye of draining and 3 orcs come into view. 2 yaks and an orc come into view.
The orc shouts!
The eye of draining turns its gaze towards you.
The yak bellows!
The orc shouts!
The yak bellows! x5
There is an open door here.
Are you sure you want to abandon this character and quit the game? (Confirm with "yes".)

######...'........#
.......###........#
######## ##'#######
#..### ##...###
###...# ###.# #.#
#@# #....oo.#
#....G.S#


#.o.oYYY# #.......# #.....Y.# +....YY.# #.......# #+# You could see 6 yaks, an
eye of draining, an orc priest, an adder and 3 orcs.

Vanquished Creatures
  An unseen horror (D:11)
  A hippogriff (D:8)
  A phantom (D:5)
  An ogre (D:5)
  A centaur (D:7)
  A big kobold (D:8)
  3 bullfrogs
  4 scorpions
  A water moccasin skeleton (D:5)
  A howler monkey (D:6)
  3 bullfrog zombies
  2 centaur zombies
  A jelly (D:10)
  A centaur skeleton (D:8)
  An orc priest (D:10)
  An iguana (D:6)
  An orc wizard (D:10)
  6 worker ants
  3 gnolls (D:5)
  10 adders
  2 shadow imps
  An ooze (D:3)
  An adder skeleton (D:6)
  A worm (D:3)
  A dart slug (D:2)
  3 leopard geckos
  3 orcs
  2 ball pythons (D:2)
  2 giant cockroaches
  8 goblins
  7 hobgoblins
  4 jackals
  6 kobolds
  4 quokkas
  5 bats
  5 frilled lizards
  2 rats (D:3)
101 creatures vanquished.

Vanquished Creatures (collateral kills)
  Fannar (D:10)
  3 yaks (D:10)
4 creatures vanquished.

Vanquished Creatures (others)
  A yak (D:10)
  A centaur (D:11)
  A crocodile (D:11)
  A water moccasin (D:10)
  A bullfrog (D:11)
  9 toadstools (D:2)
14 creatures vanquished.

Grand Total: 119 creatures vanquished

Notes
Turn   | Place    | Note
-------+----------+-------------------------------------------
     0 | D:1      | tidbits the Felid Earth Elementalist began the quest for the Orb.
     0 | D:1      | Reached XP level 1. HP: 7/7 MP: 4/4
    42 | D:1      | Reached skill level 3 in Stealth
    52 | D:1      | Reached skill level 1 in Unarmed Combat
    92 | D:2      | Reached XP level 2. HP: 11/11 MP: 1/6
   101 | D:1      | Learned a level 2 spell: Passwall
   488 | D:2      | Found an opulent altar of Gozag.
   497 | D:2      | Reached skill level 4 in Stealth
   526 | D:2      | Reached XP level 3. HP: 13/14 MP: 1/7
   568 | D:2      | Reached skill level 2 in Unarmed Combat
   854 | D:3      | Reached XP level 4. HP: 13/18 MP: 5/8
   913 | D:3      | Reached skill level 5 in Stealth
  1161 | D:5      | Entered Level 5 of the Dungeon
  1165 | D:5      | Reached skill level 3 in Unarmed Combat
  1178 | D:5      | Reached XP level 5. HP: 21/21 MP: 7/9
  1198 | D:5      | Reached skill level 6 in Stealth
  1359 | D:5      | Reached skill level 4 in Unarmed Combat
  1359 | D:5      | Gained mutation: You are covered in thick fur. (AC +2) [Felid growth]
  1359 | D:5      | Reached XP level 6. HP: 17/24 MP: 0/10
  1421 | D:5      | Reached skill level 7 in Stealth
  1579 | D:5      | Found a shattered altar of Ashenzari.
  1647 | D:5      | Reached skill level 8 in Stealth
  1647 | D:5      | Reached skill level 5 in Unarmed Combat
  1647 | D:5      | Reached XP level 7. HP: 26/27 MP: 11/11
  1791 | D:7      | Found a blossoming altar of Fedhas.
  1792 | D:7      | Found a hazy altar of Hepliaklqana.
  1794 | D:7      | Found a stormy altar of Qazlal.
  1797 | D:7      | Found an iron altar of Okawaru.
  1798 | D:7      | Found an ancient bone altar of Kikubaaqudgha.
  1798 | D:7      | Found a deep blue altar of Sif Muna.
  1798 | D:7      | Found a sacrificial altar of Ru.
  1798 | D:7      | Found an ornate altar of the Wu Jian Council.
  1804 | D:7      | Found a white marble altar of Elyvilon.
  1805 | D:7      | Found a hide-covered altar of Uskayaw.
  1808 | D:7      | Became a worshipper of Uskayaw the Reveler
  1897 | D:6      | Reached * piety under Uskayaw
  1903 | D:6      | Reached skill level 9 in Stealth
  1903 | D:6      | Reached ** piety under Uskayaw
  2196 | D:8      | Noticed a hippogriff
  2204 | D:8      | Killed a hippogriff
  2204 | D:8      | Reached skill level 6 in Unarmed Combat
  2204 | D:8      | Reached XP level 8. HP: 31/31 MP: 9/12
  2334 | D:8      | Reached *** piety under Uskayaw
  2336 | D:8      | Reached skill level 10 in Stealth
  2393 | D:9      | Found a sparkling altar of Nemelex Xobeh.
  2477 | D:10     | Entered Level 10 of the Dungeon
  2477 | D:10     | Found a staircase to the Lair.
  2477 | D:10     | Noticed an elephant
  2519 | D:10     | Reached skill level 7 in Unarmed Combat
  2583 | D:10     | Reached skill level 11 in Stealth
  2596 | D:10     | Noticed Fannar
  2656 | D:10     | Learned a level 4 spell: Petrify
  2841 | D:11     | Reached skill level 3 in Earth Magic
  2849 | D:11     | Reached skill level 2 in Transmutations
  2959 | D:11     | Noticed a cyclops
  3028 | D:10     | Killed Fannar
  3028 | D:10     | Reached skill level 4 in Transmutations
  3028 | D:10     | Reached skill level 4 in Earth Magic
  3028 | D:10     | Reached XP level 9. HP: 11/34 MP: 13/13
  3105 | D:10     | Noticed Grum
  3112 | D:11     | Noticed a cyan ugly thing
  3120 | D:11     | Noticed an unseen horror
  3123 | D:11     | Killed an unseen horror
  3123 | D:11     | Reached skill level 5 in Transmutations
  3123 | D:11     | Reached skill level 5 in Earth Magic
  3124 | D:11     | Noticed a brown ugly thing
  3153 | D:13     | Noticed a tengu conjurer
  3153 | D:13     | Noticed a tengu warrior
  3205 | D:13     | Noticed Frances
  3205 | D:13     | Noticed an unseen horror
  3221 | D:12     | Noticed a troll
  3241 | D:12     | Noticed a two-headed ogre
  3244 | D:12     | Demolished by a two-headed ogre
  3245 | D:12     | Reached XP level 8. HP: -16/31 MP: 6/12
  3259 | D:12     | Noticed a troll
  3260 | D:12     | Mangled by a troll
  3261 | D:12     | Reached XP level 7. HP: -13/27 MP: 11/11
  3270 | D:12     | Reached skill level 6 in Transmutations
  3270 | D:12     | Reached XP level 8. HP: 31/31 MP: 12/12
  3317 | D:12     | Quit the game

Skill      XL: |  1  2  3  4  5  6  7  8  9 |
---------------+----------------------------+-----
Stealth        | 3 4 5 6 8 9 11 | 11.2
Unarmed Combat | 1 2 3 4 5 6 7 |  7.7
Earth Magic    | 4 5 |  5.8
Transmutations | 6 4 5 |  6.2
Dodging        | |  2.6
Spellcasting   | |  2.0

Action                   |  1- 3 |  4- 6 |  7- 9 || total
-------------------------+-------+-------+-------++-------
Melee: Unarmed           |    22 |    19 |    83 ||   124
       Bite              |     2 |     2 |     8 ||    12
 Cast: Sandblast         |    49 |    33 |    54 ||   136
       Passwall          |       |     7 |    18 ||    25
Evoke: Wand              |       |     3 |    15 ||    18
  Use: Scroll            |     4 |     3 |    13 ||    20
       Potion            |       |     3 |    11 ||    14
 Stab: Sleeping          |     9 |    16 |    14 ||    39
       Paralysed         |       |       |     1 ||     1
  Eat: Chunk             |       |    10 |     4 ||    14
Armor: Skin              |     1 |       |     7 ||     8
Dodge: Dodged            |    26 |    22 |   104 ||   152

Table legend:
 A = Turns spent in this place as a percentage of turns spent in the entire game.
 B = Non-inter-level travel turns spent in this place as a percentage of non-inter-level travel turns spent in the entire game.
 C = Inter-level travel turns spent in this place as a percentage of turns spent in this place.
 D = Turns resting spent in this place as a percentage of non-inter-level travel turns spent in this place.
 E = Turns spent auto-exploring this place as a percentage of non-inter-level travel turns spent in this place.
 F = Non-inter-level travel turns spent in this place divided by the number of levels of this place that you've seen.
                   A       B       C       D       E      F
               +-------+-------+-------+-------+-------+----------------------
         Total | 100.0 | 100.0 |   0.0 |   0.0 |   0.0 | 255.2
       Dungeon | 100.0 | 100.0 |   0.0 |   0.0 |   0.0 | 255.2
               +-------+-------+-------+-------+-------+----------------------

Table legend:
 A = Kills in this place as a percentage of kills in entire the game.
 B = Kills by you in this place as a percentage of kills by you in the entire game.
 C = Kills by friends in this place as a percentage of kills by friends in the entire game.
 D = Other kills in this place as a percentage of other kills in the entire game.
 E = Experience gained in this place as a percentage of experience gained in the entire game.
 F = Experience gained in this place divided by the number of levels of this place that you have seen.
                   A       B       C       D       E      F
               +-------+-------+-------+-------+-------+----------------------
         Total | 100.0 | 100.0 | 100.0 | 100.0 | 100.0 | 350.8
       Dungeon | 100.0 | 100.0 | 100.0 | 100.0 | 100.0 | 350.8
               +-------+-------+-------+-------+-------+----------------------

Vault maps used:
D:1:      eino_arrival_cavern_d, st_stairs_14
D:2:      cheibrodos_fertilizer, grunt_gozag_statues
D:3:      kennysheep_six_static_rooms
D:4:      minmay_temple_entry_crystal_x, first_ration,
          nicolae_dithmenos_shadow_blocks
D:5:      cheibrodos_ashenzari_chains
D:6:      grunt_ministairs_4, minmay_misc_feat_secret_circle, uniq_menkaure
D:7:      minitemple
D:8:      lemuel_round_altar
D:9:      overflow_temple_1_default
D:10:     david_lair_generic, uniq_grum, uniq_fannar
D:11:     serial_shops, shop
D:12:     orc_david_3, hangedman_stone_soup, uniq_maurice
D:13:     item_on_display_a, uniq_frances, uniq_erolcha
